 Dungeon Crawl Stone Soup version 0.21.1-1-g345015f (webtiles) character file.

116 Krilegs the Grave Robber (level 4, -13/24 HPs)
             Began as a Deep Elf Necromancer on May 7, 2018.
             Mangled by an ogre
             ... wielding a +0 giant spiked club
              (16 damage)
             ... on level 3 of the Dungeon.
             The game lasted 00:10:59 (2605 turns).

Krilegs the Grave Robber (Deep Elf Necromancer)     Turns: 2605, Time: 00:11:02

Health: -13/24     AC:  3    Str:  4 (5)  XL:     4   Next: 69%
Magic:  7/12       EV: 13    Int: 20 (21) God:
Gold:   122        SH:  0    Dex: 15      Spells: 3/12 levels left

rFire    + . .     SeeInvis .   e - +0 dagger
rCold    . . .     Gourm    .   (no shield)
rNeg     . . .     Faith    .   a - +1 robe
rPois    .         Spirit   .   (no helmet)
rElec    .         Reflect  .   (no cloak)
rCorr    .         Harm     .   (no gloves)
MR       +....                  (no boots)
Stlth    ++........             (no amulet)
HPRegen  0.08/turn              d - ring of protection from fire
MPRegen  0.13/turn              p - ring of protection from magic

@: no status effects
A: no striking features
a: no special abilities


You were on level 3 of the Dungeon.
You were very hungry.

You visited 1 branch of the dungeon, and saw 3 of its levels.

You collected 122 gold pieces.

Inventory:

Hand Weapons
 e - a +0 dagger (weapon)
Armour
 a - a +1 robe (worn)
Jewellery
 d - a ring of protection from fire (left hand)
 p - a ring of protection from magic (right hand)
Scrolls
 f - a scroll of magic mapping
 j - a scroll of remove curse
 k - 2 scrolls of identify
 l - 2 scrolls of teleportation
 m - a scroll of fog
Potions
 g - a potion of ambrosia {unknown}
 i - a potion of curing
 n - a potion of magic {unknown}
 o - a potion of flight {unknown}
Books
 b - a book of Necromancy

   Spells                             Type                      Level
   a - Pain                           Necromancy                   1
   b - Animate Skeleton               Necromancy                   1
   c - Vampiric Draining              Necromancy                   3
   d - Regeneration                   Charms/Necromancy            3
   e - Animate Dead                   Necromancy                   4
   f - Borgnjor's Vile Clutch         Necromancy/Earth             5
 h - a book of Callings

   Spells                             Type                      Level
   a - Summon Small Mammal            Summoning                    1
   b - Call Imp                       Summoning                    2
   c - Call Canine Familiar           Summoning                    3
   d - Summon Guardian Golem          Hexes/Summoning              3
   e - Summon Lightning Spire         Summoning/Air                4
   f - Summon Ice Beast               Ice/Summoning                4
Comestibles
 c - 7 rations


   Skills:
 + Level 3.0 Dodging
 + Level 2.7 Stealth
 + Level 4.7 Spellcasting
 + Level 0.1 Charms
 + Level 6.1 Necromancy


You had 3 spell levels left.
You knew the following spells:

 Your Spells              Type           Power        Failure   Level  Hunger
a - Pain                  Necr           ####         1%          1    None
b - Animate Skeleton      Necr           N/A          1%          1    None
c - Animate Dead          Necr           N/A          10%         4    ####...
d - Regeneration          Chrm/Necr      ###.......   10%         3    ##.....


Dungeon Overview and Level Annotations

Branches:
Dungeon (3/15)

Altars:
Dithmenos


Message History

Your worker ant zombie barely misses the ogre.
Casting: Pain
Confirm with . or Enter, or press ? or * to list all spells.
Aiming: Pain
Press: ? - help, Shift-Dir - straight line, f/p - ogre
Aim: an ogre, wielding a giant spiked club (lightly wounded, chance to defeat MR: 84%)
The ogre barely resists.
The ogre hits you with a giant spiked club!!
Ouch! That really hurt!
* * * LOW HITPOINT WARNING * * *
Your worker ant zombie bites the ogre.
Your frilled lizard zombie completely misses the ogre.
Casting: Pain
Confirm with . or Enter, or press ? or * to list all spells.
You call on the dead to rise...
Nothing appears to happen.
You are feeling very hungry.
Your worker ant zombie crumbles into dust!
The ogre hits you with a giant spiked club!
Ouch! That really hurt!
You die...

#.# #.# #.# #.#
#.# #.# #.# #Z#
#.# #.# #.# #.#
.#########.# #.#
........Z..####.##
.......O@........#
##################


You could see an ogre and a friendly frilled lizard zombie.

Vanquished Creatures
  A worker ant (D:3)
  4 adders (D:2)
  An orc (D:3)
  12 giant cockroaches
  9 goblins
  5 hobgoblins
  2 jackals (D:3)
  5 kobolds
  A ball python (D:1)
  6 bats
  6 frilled lizards
  3 rats (D:2)
55 creatures vanquished.

Vanquished Creatures (collateral kills)
  A ball python (D:1)
  2 goblins
3 creatures vanquished.

Grand Total: 58 creatures vanquished

Notes
Turn   | Place    | Note
-------+----------+-------------------------------------------
     0 | D:1      | Krilegs the Deep Elf Necromancer began the quest for the Orb.
     0 | D:1      | Reached XP level 1. HP: 10/10 MP: 6/6
    16 | D:1      | Reached skill level 5 in Necromancy
    27 | D:1      | Learned a level 1 spell: Animate Skeleton
   307 | D:1      | Reached XP level 2. HP: 7/15 MP: 6/8
  1013 | D:2      | Reached XP level 3. HP: 15/19 MP: 6/10
  1241 | D:2      | Found a shadowy altar of Dithmenos.
  1462 | D:2      | Reached XP level 4. HP: 15/24 MP: 7/12
  1650 | D:2      | Learned a level 4 spell: Animate Dead
  1678 | D:2      | Learned a level 3 spell: Regeneration
  2315 | D:3      | Reached skill level 6 in Necromancy
  2596 | D:3      | Noticed an ogre
  2605 | D:3      | Mangled by an ogre

Skill      XL: |  1  2  3  4 |
---------------+-------------+-----
Necromancy     | 5 6 |  6.1
Dodging        | 3 |  3.0
Spellcasting   | 4 |  4.7
Stealth        | |  2.7
Charms         | |  0.1

Action                   |  1- 3 |  4- 6 || total
-------------------------+-------+-------++-------
Melee: Dagger            |     5 |    30 ||    35
 Cast: Pain              |    47 |    37 ||    84
       Animate Skeleton  |     9 |     1 ||    10
       Animate Dead      |       |     7 ||     7
       Regeneration      |       |     1 ||     1
  Use: Scroll            |     1 |     6 ||     7
       Potion            |     1 |     1 ||     2
 Stab: Sleeping          |       |     1 ||     1
  Eat: Chunk             |     1 |     1 ||     2
       Ration            |       |     1 ||     1
Armor: Robe              |     5 |    13 ||    18
Dodge: Dodged            |    15 |    44 ||    59
